 Dungeon Crawl Stone Soup version 0.25-a0-10-g2fe12d4386 (webtiles) character file.

Game seed: 12157360392127460554, levelgen mode: deterministic

285 Kohma the Covert (level 6, -4/28 HPs)
             Began as a Spriggan Enchanter on Oct 15, 2019.
             Slain by a gnoll
             ... wielding a +0 spear
              (8 damage)
             ... on level 3 of the Dungeon.
             The game lasted 00:10:34 (3880 turns).

Kohma the Covert (Spriggan Enchanter)               Turns: 3880, Time: 00:10:34

Health: -4/28      AC:  2    Str:  4    XL:     6   Next: 7%
Magic:  7/11       EV: 18    Int: 18    God:
Gold:   139        SH:  0    Dex: 17    Spells: 4/10 levels left

rFire    . . .     SeeInvis +   a - +1 dagger
rCold    . . .     Gourm    .   (shield restricted)
rNeg     . . .     Faith    .   b - +0 robe
rPois    .         Spirit   .   (helmet restricted)
rElec    .         Reflect  .   (no cloak)
rCorr    .         Harm     .   (gloves unavailable)
MR       +....                  (boots unavailable)
Stlth    ++++......             (no amulet)
HPRegen  0.09/turn              (no ring)
MPRegen  0.12/turn              (no ring)

@: very quick
A: very small, unfitting armour, see invisible, herbivore, speed 3, slow
metabolism 2
a: no special abilities


You were on level 3 of the Dungeon.
You were hungry.

You visited 1 branch of the dungeon, and saw 3 of its levels.

You collected 139 gold pieces.

Inventory:

Hand Weapons
 a - a +1 dagger (weapon)
Missiles
 e - 91 stones (quivered)
Armour
 b - a +0 robe (worn)
Jewellery
 f - an uncursed ring of wizardry {unknown}
 s - an uncursed amulet of rage {unknown}
Wands
 r - a wand of random effects (11)
Scrolls
 c - a scroll of blinking {unknown}
 i - 6 scrolls of identify {unknown}
 j - 2 scrolls of enchant armour {unknown}
 l - 2 scrolls of teleportation {unknown}
 o - a scroll of remove curse {unknown}
 p - 2 scrolls of magic mapping {unknown}
 t - 2 scrolls of enchant weapon {unknown}
 u - a scroll of immolation {unknown}
 v - 2 scrolls of fear {unknown}
Potions
 g - a potion of agility {unknown}
 h - a potion of invisibility {unknown}
 k - 3 potions of curing {unknown}
 m - 2 potions of heal wounds {unknown}
 n - a potion of degeneration {unknown}
 q - a potion of berserk rage {unknown}
Comestibles
 d - 3 rations


   Skills:
 + Level 4.9 Short Blades
 - Level 3.0 Dodging
 - Level 8.0 Stealth
 - Level 2.6 Spellcasting
 - Level 3.6 Hexes


You had 4 spell levels left.
You knew the following spells:

 Your Spells              Type           Power        Failure   Level  Hunger
a - Corona                Hex            ###....      3%          1    #......
b - Ensorcelled Hibernat  Hex/Ice        #.....       12%         2    ##.....
c - Confuse               Hex            ###.....     12%         3    ###....

Your spell library contained the following spells:

 Spells                   Type           Power        Failure   Level  Hunger
 Tukima's Dance           Hex            ###.....     12%         3    ###....
 Dazzling Spray           Conj/Hex       #.....       24%         3    ###....


Dungeon Overview and Level Annotations

Branches:
Dungeon (3/15)

Altars:


Innate Abilities, Weirdness & Mutations

You are very small and have problems with some larger weapons.
You are too small for most types of armour.
You have supernaturally acute eyesight. (SInv)
You are a herbivore.
You cover ground extremely quickly.
You need to consume almost no food.


Message History

Casting: Ensorcelled Hibernation (safe; 12% risk of failure)
Confirm with . or Enter, or press ? or * to list all spells.
Aiming: Ensorcelled Hibernation (safe; 12% risk of failure)
Press: ? - help, Shift-Dir - straight line, f - gnoll
Aim: a gnoll, wielding a +0 whip (hasn't noticed you, chance to defeat MR: 49%)
The gnoll shouts!
The gnoll resists with some effort.
The gnoll shouts!
The gnoll hits you with a +0 whip!
The gnoll hits you from afar with a +0 spear.
The gnoll throws a throwing net.
The throwing net barely misses you.
Casting: Ensorcelled Hibernation (safe; 12% risk of failure)
Confirm with . or Enter, or press ? or * to list all spells.
Aiming: Ensorcelled Hibernation (safe; 12% risk of failure)
Press: ? - help, Shift-Dir - straight line, f/p - gnoll
Aim: a gnoll, wielding a +0 whip (chance to defeat MR: 49%)
The gnoll resists with some effort.
The gnoll hits you with a +0 whip!
* * * LOW HITPOINT WARNING * * *
The gnoll hits you from afar with a +0 spear!
You die...

####### .......# #.#..#.# .......
#.#..#.# ....... #.#..#.#
.....#####.#..#.# #
........##?#..#.# .#
.#.##...##.#..#.##.###
.#.##...##.#..#.......##.#....@#.#
.........#..(.#..g.#
.....#....†#).#..g.#
....>#.#.#.#.......#
.#####+#.#.#.####..# ... ....#..
..# ..... .....#.. .##
...........#... .# ...........#.##


You could see 3 gnolls.

Vanquished Creatures
  Sigmund (D:2)
  A gnoll (D:3)
  3 adders
  2 oozes
  5 worms
  4 dart slugs
  4 orcs (D:3)
  5 bats
  5 giant cockroaches
  8 goblins
  8 hobgoblins
  4 jackals
  2 quokkas
  3 frilled lizards
  5 kobolds
  5 rats
65 creatures vanquished.

Notes
Turn   | Place    | Note
-------+----------+-------------------------------------------
     0 | D:1      | Kohma the Spriggan Enchanter began the quest for the Orb.
     0 | D:1      | Reached XP level 1. HP: 9/9 MP: 5/5
   403 | D:1      | Reached XP level 2. HP: 7/13 MP: 3/6
   408 | D:1      | Reached skill level 5 in Stealth
   661 | D:1      | Learned a level 2 spell: Ensorcelled Hibernation
  1204 | D:2      | Reached XP level 3. HP: 15/16 MP: 5/8
  1403 | D:2      | Reached skill level 6 in Stealth
  1944 | D:2      | Reached XP level 4. HP: 21/21 MP: 6/9
  2401 | D:2      | Learned a level 3 spell: Confuse
  2525 | D:2      | Noticed Sigmund
  2535 | D:2      | Killed Sigmund
  2535 | D:2      | Reached skill level 7 in Stealth
  2535 | D:2      | Reached XP level 5. HP: 24/24 MP: 5/10
  3066 | D:3      | Reached skill level 8 in Stealth
  3482 | D:3      | Reached XP level 6. HP: 28/28 MP: 11/11
  3880 | D:3      | Slain by a gnoll

Levels and vault maps discovered:
D:1:      minmay_arrival_diagonal_passages, layout_basic
D:2:      layout_basic, nicolae_underground_beach, uniq_sigmund
D:3:      layout_basic

Skill      XL: |  1  2  3  4  5 |
---------------+----------------+-----
Stealth        | 5 6 7 8 |  8.0
Short Blades   | 2 3 4 |  4.9
Dodging        | |  3.0
Spellcasting   | |  2.6
Hexes          | |  3.6

Action                   |  1- 3 |  4- 6 || total
-------------------------+-------+-------++-------
Melee: Dagger            |    64 |    48 ||   112
Throw: Stone             |     3 |       ||     3
 Cast: Corona            |     5 |       ||     5
       Ensorcelled Hiber |    26 |    42 ||    68
 Stab: Sleeping          |    28 |    30 ||    58
  Eat: Ration            |       |     2 ||     2
Armor: Robe              |     2 |     2 ||     4
Dodge: Dodged            |    50 |    35 ||    85

Table legend:
 A = Non-vault XP
 B = Vault XP
 C = Vault XP percentage of total XP
 D = Non-vault monster count
 E = Vault monster count
 F = Vault count percentage of total count
                 A         B        C        D         E       F
            +---------+---------+-------+---------+---------+-------
      Total |     196 |     212 |  52.0 |      64 |       1 |   1.5
            +---------+---------+-------+---------+---------+-------
        D:1 |      39 |       0 |   0.0 |      19 |       0 |   0.0
        D:2 |      72 |     212 |  74.6 |      21 |       1 |   4.5
        D:3 |      85 |       0 |   0.0 |      24 |       0 |   0.0
            +---------+---------+-------+---------+---------+-------
